Map: Nightshade LE

Players

DennisLarvae

  • Race: Zerg Zerg
  • League: Diamond
  • Spawn Location: 11:00

FrameSticker - Winner!

  • Race: Protoss Protoss
  • League: Diamond
  • Spawn Location: 5:00

VOD

Have the link to the VOD?

Description

Time

  • Played on: March 28, 2020, 5:22 a.m.
  • Length: 20:26
Show
View Real Time Build Order
Export as new Build Order

DennisLarvae Zerg 

Build Orders: Hatch First, Roach Hydra 

Get SALT Encoding   

  12  0:00  Drone  
  13  0:13  Overlord  
  13  0:17  Drone  
  14  0:31  Drone x2  
  16  0:49  Hatchery  
  15  0:52  Drone  
  15  0:55  Drone  
  17  1:00  Extractor  
  16  1:12  Spawning Pool  
  16  1:15  Drone  
  16  1:19  Drone  
  16  1:22  Drone  
  18  1:29  Drone  
  19  1:39  Overlord  
  19  1:51  Drone  
  20  2:02  Queen  
  20  2:03  Queen  
  20  2:04  Metabolic Boost  
  24  2:10  Zergling x2  
  24  2:12  Zergling x2  
  26  2:18  Drone x2  
  28  2:24  Drone x2  
  30  2:45  Hatchery  
  30  2:46  Queen  
  31  2:54  Drone x3  
  34  2:59  Overlord  
  34  3:10  Zergling x2  
  33  3:15  Zergling x2  
  33  3:16  Zergling x2  
  33  3:18  Drone x4  
  38  3:20  Drone  
  38  3:24  Overlord  
  39  3:35  Drone x2  
  41  3:41  Spore Crawler  
  41  3:42  Spore Crawler  
  41  3:43  Drone x2  
  41  3:48  Overlord  
  41  3:51  Lair  
  41  3:59  Queen  
  41  4:01  Drone x2  
  45  4:06  Queen  
  47  4:10  Drone x2  
  49  4:18  Drone x3  
  49  4:20  Extractor  
  49  4:22  Drone  
  52  4:28  Roach Warren  
  52  4:31  Evolution Chamber  
  50  4:42  Drone x5  
  50  4:43  Drone x3  
  58  4:47  Overlord  
  58  4:58  Spore Crawler  
  57  5:02  Spore Crawler  
  56  5:12  Zerg Missile Weapons Level 1  
  54  5:23  Spore Crawler  
  51  5:30  Overlord x2  
  51  5:31  Overlord  
  47  5:45  Overlord x2  
  47  5:48  Overlord, Queen x3  
  54  5:50  Drone x11  
  64  5:58  Drone x2  
  64  5:59  Glial Reconstitution  
  66  6:08  Overlord  
  66  6:09  Drone x3  
  69  6:20  Overlord  
  69  6:27  Roach x6  
  78  6:34  Hatchery  
  78  6:35  Drone x2  
  78  6:47  Roach  
  78  6:48  Roach x5  
  78  6:53  Roach  
  86  7:02  Drone x3, Hydralisk Den  
  86  7:04  Extractor x2  
  86  7:08  Roach x4  
  90  7:10  Drone x2  
  90  7:15  Drone x4, Extractor  
  87  7:29  Drone x2  
  89  7:30  Overlord x2  
  89  7:32  Roach x2  
  89  7:34  Overlord  
  89  7:35  Overlord  
  93  7:39  Grooved Spines, Zerg Missile Weapons Level 2  
  93  7:42  Evolution Chamber  
  92  7:45  Overlord x2, Extractor  
  92  7:48  Queen  
  93  7:51  Drone x2  
  95  7:59  Drone  
  95  8:02  Drone x2  
  96  8:08  Roach x5  
  96  8:12  Hydralisk  
  106  8:13  Hydralisk x2  
  106  8:15  Zerg Ground Armor Level 1  
  106  8:19  Overlord  
  108  8:31  Overlord x3  
  104  8:42  Overlord x2  
  104  8:45  Overlord  
  104  8:50  Muscular Augments  
  104  8:53  Pneumatized Carapace  
  102  8:56  Drone  
  102  8:57  Drone x5, Hydralisk  
  102  8:58  Hydralisk x5  
  118  9:12  Hydralisk  
  118  9:13  Hydralisk x6  
  131  9:19  Overlord, Queen  
  133  9:37  Overlord  
  129  9:39  Drone x11  
  129  9:44  Queen  
  142  9:47  Queen, Extractor  
  142  9:48  Extractor  
  142  9:50  Overlord  
  142  9:53  Overlord  
  142  9:59  Infestation Pit  
  141  10:00  Overlord x2  
  143  10:21  Roach x2  
  143  10:22  Roach x11  
  143  10:26  Zerg Ground Armor Level 2  
  167  10:39  Overlord  
  167  10:41  Hive  
  167  10:43  Drone x5  
  167  10:44  Drone x4  
  176  10:54  Roach x4  
  184  11:00  Ravager  
  184  11:01  Ravager x5  
  184  11:02  Ravager x2  
  184  11:03  Overlord x2  
  192  11:07  Overlord  
  192  11:11  Overlord  
  192  11:12  Overlord x2  
  168  11:36  Roach x2  
  168  11:37  Roach x13  
  169  11:47  Roach x4  
  135  11:55  Roach x3  
  135  11:56  Roach  
  135  12:00  Roach x2  
  141  12:01  Hydralisk  
  143  12:13  Hydralisk  
  143  12:14  Hydralisk x2  
  149  12:19  Hatchery  
  148  12:27  Ultralisk Cavern  
  148  12:28  Adrenal Glands  
  147  12:33  Hydralisk x3  
  147  12:34  Hydralisk x4  
  151  12:50  Hydralisk  
  151  12:51  Hydralisk x6  
  118  12:59  Overseer  
  118  13:05  Hydralisk  
  118  13:06  Hydralisk x2  
  118  13:07  Zergling x2  
  118  13:08  Zergling x8  
  129  13:17  Baneling Nest  
  128  13:31  Hydralisk  
  128  13:32  Hydralisk x6  
  128  13:33  Roach  
  142  13:38  Roach x3  
  144  13:50  Roach x4  
  144  13:51  Roach x3  
  158  13:59  Chitinous Plating  
  158  14:02  Centrifical Hooks  
  158  14:04  Zergling x2  
  158  14:05  Zergling x10  
  158  14:09  Zerg Melee Weapons Level 1  
  163  14:21  Zergling x2  
  163  14:22  Zergling x20  
  174  14:27  Baneling x10  
  174  14:28  Baneling x2  
  173  14:37  Roach  
  173  14:38  Roach x7  
  148  15:02  Roach  
  148  15:03  Roach x11  
  128  15:16  Roach x5  
  136  15:28  Zergling x2  
  136  15:29  Zergling x8  
  141  15:46  Hatchery  
  140  16:02  Hatchery  
  123  16:20  Roach  
  123  16:21  Roach x10  
  123  16:23  Roach  
  123  16:24  Roach x3  
  88  16:50  Roach  
  88  16:51  Roach x8  
  106  17:09  Ultralisk  
  106  17:12  Zergling x2  
  113  17:18  Ultralisk  
  113  17:22  Ultralisk  
  125  17:39  Zergling x8  
  125  17:40  Zergling x8  
  129  18:08  Baneling Nest  
  129  18:11  Queen  
  130  18:16  Spine Crawler  
  130  18:19  Spine Crawler  
  128  18:24  Ultralisk  
  128  18:25  Ultralisk  
  140  18:41  Drone x3  
  140  18:42  Zergling x2  
  140  18:43  Zergling x16  
  152  18:57  Baneling  
  152  18:58  Baneling x14  
  148  19:18  Ultralisk  
  154  19:28  Spawning Pool  
Show
View Real Time Build Order
Export as new Build Order

FrameSticker Protoss - Winner!

Build Orders: 1 Gate Expand, Phoenix Opening, Chargelot Immortal, Mass Phoenix 

Get SALT Encoding   

  12  0:01  Probe  
  13  0:13  Probe  
  14  0:18  Pylon  
  14  0:25  Probe (Chrono Boost)  
  15  0:38  Probe (Chrono Boost)  
  15  0:40  Gateway  
  16  0:43  Probe (Chrono Boost)  
  16  0:48  Assimilator  
  17  0:53  Probe  
  18  1:05  Probe  
  19  1:17  Probe  
  20  1:27  Nexus  
  20  1:40  Cybernetics Core  
  20  1:42  Probe  
  21  1:49  Assimilator  
  21  1:54  Probe  
  21  1:58  Pylon  
  22  2:06  Probe  
  23  2:14  Adept (Chrono Boost)  
  23  2:16  Warp Gate  
  23  2:19  Probe  
  26  2:31  Probe  
  27  2:39  Stargate  
  27  2:41  Probe (Chrono Boost)  
  27  2:42  Adept  
  27  2:43  Probe (Chrono Boost)  
  31  2:52  Probe (Chrono Boost)  
  31  2:53  Probe (Chrono Boost)  
  31  2:57  Probe (Chrono Boost)  
  31  2:58  Probe (Chrono Boost)  
  34  3:08  Probe  
  34  3:09  Probe  
  36  3:22  Probe, Phoenix (Chrono Boost)  
  39  3:28  Stargate, Probe, Assimilator  
  39  3:31  Pylon  
  40  3:35  Probe  
  40  3:40  Probe, Phoenix  
  40  3:47  Probe  
  43  3:52  Probe  
  44  3:59  Probe  
  45  4:04  Probe, Shield Battery  
  45  4:05  Phoenix (Chrono Boost)  
  48  4:11  Probe, Phoenix (Chrono Boost)  
  48  4:13  Pylon  
  48  4:16  Probe  
  52  4:24  Assimilator  
  52  4:25  Phoenix (Chrono Boost)  
  54  4:32  Phoenix (Chrono Boost)  
  56  4:38  Probe  
  56  4:41  Pylon  
  56  4:42  Pylon  
  57  4:47  Probe  
  57  4:48  Gateway  
  57  4:49  Gateway, Phoenix (Chrono Boost)  
  60  4:54  Probe  
  61  5:08  Probe  
  61  5:10  Probe  
  61  5:15  Phoenix x2  
  61  5:20  Adept  
  67  5:30  Probe x2  
  69  5:39  Phoenix  
  69  5:40  Phoenix  
  73  5:45  Robotics Facility  
  73  5:46  Robotics Facility, Adept  
  75  5:55  Pylon  
  73  5:57  Pylon  
  73  5:59  Adept x2  
  77  6:13  Probe x2  
  85  6:29  Pylon  
  85  6:34  Oracle x2  
  85  6:39  Probe  
  86  6:43  Gateway  
  86  6:46  Gateway  
  86  6:47  Probe  
  86  6:48  Gateway  
  86  6:52  Twilight Council  
  87  6:54  Forge  
  87  6:59  Pylon  
  87  7:00  Nexus  
  87  7:04  Pylon  
  87  7:10  Probe x2, Immortal  
  87  7:14  Immortal  
  93  7:22  Probe  
  96  7:34  Charge  
  96  7:35  Protoss Ground Weapons Level 1 (Chrono Boost)  
  96  7:38  Probe  
  96  7:41  Zealot  
  96  7:42  Zealot x4  
  96  7:43  Observer  
  107  7:46  Observer  
  107  7:50  Pylon  
  107  7:51  Pylon  
  108  7:57  Probe  
  110  8:08  Probe  
  110  8:09  Probe  
  112  8:20  Probe  
  111  8:32  Zealot  
  111  8:33  Zealot x5  
  123  8:37  Probe x2  
  123  8:40  Assimilator  
  125  8:43  Assimilator  
  125  8:44  Gateway  
  125  8:46  Immortal x2  
  125  8:47  Gateway  
  133  8:51  Pylon  
  133  8:56  Probe  
  133  8:57  Probe x2  
  136  9:09  Probe x2  
  138  9:16  Zealot  
  138  9:17  Zealot x4  
  146  9:19  Protoss Ground Weapons Level 2  
  146  9:21  Pylon  
  146  9:23  Pylon  
  148  9:24  Pylon  
  148  9:37  Immortal (Chrono Boost), Warp Prism (Chrono Boost)  
  154  9:47  Templar Archives  
  154  10:00  Nexus  
  154  10:01  Pylon  
  154  10:02  Sentry x4  
  154  10:03  Sentry  
  154  10:05  Immortal (Chrono Boost)  
  168  10:17  Pylon  
  168  10:19  Pylon, Immortal  
  172  10:21  Psionic Storm  
  172  10:23  Gateway  
  172  10:26  High Templar x4  
  180  10:34  Gateway x2  
  180  10:46  Immortal  
  184  10:57  High Templar x2  
  184  10:59  Immortal, Zealot x2  
  196  11:25  Immortal  
  185  11:38  Immortal  
  185  11:39  Zealot  
  150  11:40  Zealot x10  
  124  12:04  Stalker  
  124  12:05  Stalker x2, Immortal  
  124  12:06  High Templar x4  
  134  12:10  Assimilator  
  134  12:12  Assimilator  
  124  12:17  Immortal  
  124  12:23  Stalker x3  
  130  12:32  Zealot  
  130  12:33  Zealot x3  
  136  12:44  Archon, Immortal  
  136  12:49  Zealot x7  
  142  12:55  Robotics Facility  
  138  13:01  Protoss Ground Weapons Level 3 (Chrono Boost)  
  138  13:04  Immortal  
  142  13:06  High Templar x2  
  142  13:07  High Templar  
  148  13:16  Probe x3  
  151  13:20  Zealot x4  
  159  13:28  Immortal  
  163  13:43  Immortal  
  159  13:49  Zealot x6  
  171  14:03  Zealot x5  
  181  14:11  Immortal  
  181  14:13  High Templar x5  
  183  14:40  Archon  
  157  15:03  Zealot x11  
  111  15:15  High Templar x11  
  111  15:16  Immortal  
  111  15:17  Immortal  
  115  15:33  Archon x2  
  115  15:34  Archon  
  115  15:39  Nexus  
  115  15:40  Pylon  
  115  15:41  Immortal  
  119  15:49  Zealot x8  
  135  15:50  Zealot x3  
  135  15:53  Protoss Ground Armor Level 1 (Chrono Boost)  
  141  15:57  Oracle  
  141  15:59  Observer  
  142  16:09  Zealot  
  142  16:10  Zealot x10  
  86  16:33  Zealot x2  
  86  16:34  Zealot x4  
  86  16:35  Zealot x3  
  104  16:45  Immortal  
  102  16:52  Probe  
  102  16:53  Probe x2  
  93  17:05  High Templar x6  
  105  17:14  Assimilator  
  105  17:17  Assimilator  
  105  17:31  Nexus  
  105  17:55  Zealot  
  105  17:56  Zealot x6  
  105  17:57  Zealot x2  
  123  18:05  High Templar  
  123  18:06  High Templar  
  127  18:14  Immortal  
  127  18:17  Archon  
  127  18:18  Archon  
  131  18:21  High Templar x4  
  139  18:33  Archon  
  139  18:34  Archon  
  139  18:37  Zealot x5  
  139  18:38  Zealot  
  151  18:42  Probe x2  
  153  18:51  Gateway  
  153  18:58  Immortal (Chrono Boost)  
  157  19:07  Immortal (Chrono Boost)  
  149  19:19  Immortal (Chrono Boost)  
  153  19:28  High Templar x2  
  157  19:34  Archon  
  157  19:41  Oracle  
  160  19:47  Zealot x6  
  172  19:56  Probe x2  
  172  19:57  Probe x3  
  177  20:08  Probe  
  177  20:09  Probe  
Tags
 
Add a new tag
Caveats
  • Supply blocks, unpowered buildings, or Contaminate may cause inaccurate times.
  • Supply counts are checked every 10 seconds.